 Dungeon Crawl Stone Soup version 0.13.1-27-ga479965 (console) character file.

40 Jezuz the Charmwright (level 2, 0/12 HPs)
             Began as a Felid Skald on Jan 29, 2014.
             Slain by an orc
             ... wielding a -1,+1 orcish hand axe
              (4 damage)
             ... on Level 3 of the Dungeon.
             The game lasted 00:02:35 (260 turns).

Jezuz the Charmwright (Felid Skald)                  Turns: 260, Time: 00:02:36

HP   0/12        AC  1     Str  8      XL: 2   Next: 58%
MP   0/6         EV 17     Int 13      God:
Gold 20          SH  0     Dex 15      Spells:  2 memorised,  2 levels left
Lives: 0, deaths: 0

Res.Fire  : . . .   See Invis. : +     - Unarmed
Res.Cold  : . . .   Warding    : .   (armour unavailable)
Life Prot.: . . .   Conserve   : .   (shield unavailable)
Res.Poison: .       Res.Corr.  : .   (helmet unavailable)
Res.Elec. : .       Clarity    : .   (cloak unavailable)
Sust.Abil.: . .     Spirit.Shd : .   (gloves unavailable)
Res.Mut.  : .       Stasis     : .   (boots unavailable)
Res.Rott. : .       Flight     : .   (no amulet)
Saprovore : . . .                    (no ring)
                                     (no ring)

@: shrouded, quick, slightly resistant to hostile enchantments, fairly stealthy
A: paw claws, no armour, no advanced items, fangs 3, see invisible, carnivore 3,
speed 1, slow metabolism 1, AC +1
a: no special abilities


You were on level 3 of the Dungeon.
You were full.

You visited 1 branch of the dungeon, and saw 3 of its levels.

Inventory:

Comestibles
 d - a meat ration
Scrolls
 a - 2 scrolls of identify {unknown}
 f - a scroll of fear {unknown}
Jewellery
 b - an uncursed amulet of conservation {unknown}
 g - an uncursed amulet of inaccuracy {unknown}
Potions
 e - a potion of agility {unknown}
Books
 c - a book of Battle

   Spells                             Type                      Level
   *Infusion                          Charms                       1
   *Shroud of Golubria                Charms/Translocation         2
   Song of Slaying                    Charms                       2
   Spectral Weapon                    Hexes/Charms                 3
   Regeneration                       Charms/Necromancy            3
   Song of Shielding                  Charms                       4


   Skills:
 - Level 2.0 Fighting
 - Level 2.1 Dodging
 + Level 3.2 Unarmed Combat
 - Level 2.0 Spellcasting
 - Level 3.6 Charms


You had 2 spell levels left.
You knew the following spells:

 Your Spells              Type           Power        Failure   Level  Hunger
a - Infusion              Chrm           ##....       8%          1    ##.....
b - Shroud of Golubria    Chrm/Tloc      #.........   21%         2    ###....


Dungeon Overview and Level Annotations

Branches:
Dungeon (3/27)

Altars:


Innate Abilities, Weirdness & Mutations

You cannot wear armour.
You are incapable of any advanced item manipulation.
Your paws have sharp claws.
You have razor-sharp teeth.
You have supernaturally acute eyesight.
You are carnivorous and can eat meat at any time.
You cover ground quickly.
You are covered in fur (AC +1).
You have a slow metabolism.


Message History

You scratch the orc.
You kill the orc!
Your shroud unravels.
You barely miss the orc. Your bite misses the orc. The orc barely misses you.
You are feeling less magically infused.
You scratch the orc but do no damage. The orc closely misses you.
You closely miss the orc.
Your attacks are no longer magically infused.
The orc misses you.
Casting: Infusion
Confirm with . or Enter, or press ? or * to list all spells.
Space distorts slightly along a thin shroud covering your body.
You scratch the orc but do no damage. Your bite misses the orc.
Your shroud bends the orc's attack away!
You scratch the orc.
The orc begins to bleed from its wounds!
Your bite misses the orc.
The orc is moderately wounded.
The orc hits you with an orcish hand axe.
You die...

#.# ##########.#.# ...
..............# #.#
#.......##.### #.#
#.#####[##.# #.# #.##.####
#.###############.##.....
..........................
#.###############.#######
.........[.....o@.#
################### # # #
# # #


You could see an orc (bleeding).

Vanquished Creatures
  An adder (D:3)
  An orc (D:3)
  A bat (D:1)
  A hobgoblin (D:1)
  A quokka (D:2)
  A giant cockroach (D:2)
  A giant newt (D:2)
  4 goblins
11 creatures vanquished.

Notes
Turn   | Place    | Note
--------------------------------------------------------------
     0 | D:1      | Jezuz, the Felid Skald, began the quest for the Orb.
     0 | D:1      | Reached XP level 1. HP: 9/9 MP: 4/4
   115 | D:2      | Reached XP level 2. HP: 8/12 MP: 0/6
   143 | D:2      | Learned a level 2 spell: Shroud of Golubria
   260 | D:3      | Slain by an orc

Action                   || total
-------------------------++-------
Melee: Unarmed           ||    39
 Cast: Infusion          ||     5
       Shroud of Golubri ||     3
